AoeStats
← Jamdalf

Hideout

509278529Analyzed
1v1 RM · 6d ago on Sep 26, 2026· 27m 12s· 2 players
Game mode
Random Map
Map size
Tiny (2 player)
Population
200
Speed
Normal
Resources
Standard
Victory
Conquest
Starting age
Dark Age
Ending age
Imperial Age
RankedLock teamsTeams togetherTeam positionsShared explorationLock speedFull tech treeHidden civsTurbo modeCheats
Victory
Defeat
🇦🇺 Bulgarians · Australia
1059
+18
🇲🇽 Spanish · Mexico
1103
-18
Dr. Tonny
9:59 Feudal Age
17:45 Castle Age
19:42 Loom
21:43 Town Watch
Jamdalf
5:01 Loom
10:25 Feudal Age
11:10 Loom
15:15 Double-Bit Axe
20:16 Castle Age
19:16 Forging
19:14 Scale Barding Armor
19:11 Scale Mail Armor
22:15 Bow Saw
22:19 Stone Mining
22:11 Horse Collar
26:44 Bloodlines
26:34 Husbandry
26:46 Gold Mining
Connection lost

Rejoining the realm…

Still unreachable

The connection could not be restored.

Session expired

The server has moved on; the page needs a fresh start.